 Dungeon Crawl Stone Soup version 0.31-a0-981-geadf994542 (webtiles) character file.

Game seed: 14999840229519444914

235 strifetoe the Ruffian (level 6, -4/63 HPs)
             Began as a Djinni Shapeshifter on Nov 2, 2023.
             Slain by a gnoll
             ... wielding a +0 halberd
             ... led by a gnoll bouda
              (5 damage)
             ... on level 4 of the Dungeon.
             The game lasted 00:03:59 (2651 turns).

strifetoe the Ruffian (Djinni Shapeshifter)         Turns: 2651, Time: 00:04:00

Health: -4/63      AC: 23    Str: 15    XL:     6   Next: 26%
Gold:   147        EV:  2    Int: 11    God:
                   SH:  0    Dex: 13

rFire   . .          .
                       - Unarmed
rCold   . . .        (no shield)
rNeg    . . .        f - melded +0 scale mail
rPois   ∞            (helmet currently unavailable)
rElec   .            (cloak currently unavailable)
rCorr   .            (gloves currently unavailable)
SInv    .            (boots unavailable)
Will    .....        (no amulet)
Stlth   +            (no ring)
HPRegen 0.30/turn    (no ring)
MPRegen 0.00/turn

%: infuse magic (-5 HP)
@: tree-form
A: stationary, stasis, torment immunity, boosted hp, sickness immunity, (fire
resistance 2), (cold vulnerability 1), float, innate caster, HP casting, extra
vitality 1
a: no special abilities


You were on level 4 of the Dungeon.
You were a tree.
You visited 1 branch of the dungeon, and saw 4 of its levels.

You collected 147 gold pieces.

Inventory:

Hand Weapons
 b - a +0 whip of draining
Armour
 a - a +0 animal skin
 f - a +0 scale mail (melded)
 p - a +0 scale mail
Jewellery
 r - a ring of willpower
Talismans
 c - a beast talisman (active)
 d - a flux talisman
Scrolls
 e - a scroll of poison {unknown}
 g - a scroll of vulnerability {unknown}
 h - 5 scrolls of identify {unknown}
 i - 2 scrolls of teleportation {unknown}
 l - a scroll of fear {unknown}
 n - a scroll of immolation {unknown}
Potions
 m - a potion of might {unknown}
 o - a potion of haste {unknown}
 v - a potion of mutation {unknown}


   Skills:
 + Level 1.4 Fighting
 + Level 0.8 Armour
 + Level 2.5 Dodging
 - Level 6.2 Unarmed Combat
 - Level 2.6 Shapeshifting


You knew the following spells:

 Your Spells              Type           Power      Damage    Failure   Level
a - Necrotise             Necr           0%         1d4       34%         1
b - Scorch                Fire           0%         2d5       47%         2
Your spell library was empty.

Dungeon Overview and Level Annotations

Branches:
Dungeon (4/15)
 Temple: D:4-7

Altars:
Uskayaw

Annotations:
D:4 1 runed translucent door, thalassios's ghost, amateur DrSh


Innate Abilities, Weirdness & Mutations

You are a tree.
Your roots penetrate the ground, keeping you stationary.
You cannot be teleported.
You are immune to unholy pain and torment.
Your maximum health is greatly increased.
Your equipment is partially melded.
You are immune to sickness and miasma.
You are immune to poison.
((Your flesh is very heat resistant. (rF++)))
((You are vulnerable to cold. (rC-)))
You float through the air rather than walking.
You learn spells naturally, not from books.
Your magical power is your life essence.
You have superior vitality. (+4 MHP)


Message History

The gnoll hits you from afar with a +0 halberd!
* * * LOW HITPOINT WARNING * * *
The gnoll hits you from afar with a +0 halberd.
* * * LOW HITPOINT WARNING * * *
The goblin hits you but does no damage.
The hobgoblin hits you but does no damage.
The gnoll bouda hits you but does no damage.
You feel better.
Your attacks no longer feel as feeble.
The gnoll hits you with a +0 whip.
* * * LOW HITPOINT WARNING * * *
The gnoll barely misses you.
The gnoll hits you but does no damage. x2
The hobgoblin hits you but does no damage.
The goblin hits you but does no damage.
The gnoll bouda hits you but does no damage.
You aren't wearing any rings or amulets.
As you read the scroll labelled HUCHAC WOAG, it crumbles to dust.
You cannot blink because you are held in place by your roots.
It was a scroll of blinking.
The gnoll hits you but does no damage. x4
The hobgoblin hits you but does no damage.
The goblin hits you with a +0 dagger.
* * * LOW HITPOINT WARNING * * *
The gnoll bouda calls upon its god to heal the gnoll.
The gnoll is healed somewhat.
As you read the scroll labelled QOOLIU LIOFRE, it crumbles to dust.
You feel aware of your surroundings.
You sensed 1 altar.
It was a scroll of revelation.
The gnoll hits you but does no damage. The gnoll hits you with a +0 club.
* * * LOW HITPOINT WARNING * * *
The gnoll hits you but does no damage. x2
The goblin hits you but does no damage. The hobgoblin hits you.
* * * LOW HITPOINT WARNING * * *
The gnoll bouda hits you but does no damage.
Found a scroll labelled ILUAFE GUETIVU.
Unknown command.
As you read the scroll labelled SILEIF PEIVYA, it crumbles to dust.
It is a scroll of amnesia.
You feel forgetful for a moment.
The gnoll hits you but does no damage. x2
The gnoll hits you from afar with a +0 halberd.
You die...

**,,,,,##......# *,,,,,*,,,*
***#+###.......########.,,,.....#
***#......[....#########***##...#
,,...###'###.......###SW~~~~+...*
,,,,,#.....#.........########.###
,,,,,#.....#.....................
,,,,,#.....#.....................
,,,,,#.....'....ggg..............
,,,,,#..##.#....♣g...............
######..######..ggg#'##..........
#............#.....#..#..........
#............#.....#..#..........
#............#.....#..######.....
##.###.###..>#.....#####,,,*.....
##+###.###...#.....#..##,,,+.....
.............#.....#..##,,,*.....
.............#.....#,,**,,,*##...


You could see a gnoll bouda, 4 gnolls, a hobgoblin and a goblin.

Vanquished Creatures
  An orc priest (D:3)
  Natasha (D:4)
  An orc wizard (D:3)
  2 gnolls
  4 adders
  2 worms
  2 dart slugs (D:1)
  8 orcs
  10 ball pythons
  8 endoplasms
  2 giant cockroaches
  9 goblins
  4 hobgoblins
  7 jackals (D:1)
  6 kobolds
  A quokka (D:2)
  4 bats
  2 frilled lizards
  6 rats
80 creatures vanquished.

Notes
Turn   | Place    | Note
-------+----------+-------------------------------------------
     0 | D:1      | strifetoe the Djinni Shapeshifter began the quest for the
                  | Orb.
     0 | D:1      | Reached XP level 1. HP: 17/17 MP: 0/0
   124 | D:1      | Reached XP level 2. HP: 22/22 MP: 0/0
   368 | D:1      | Reached skill level 4 in Unarmed Combat
   368 | D:1      | Reached XP level 3. HP: 27/27 MP: 0/0
   368 | D:1      | Learned a level 1 spell: Necrotise
   995 | D:2      | Reached XP level 4. HP: 31/32 MP: 0/0
  1073 | D:2      | Reached skill level 5 in Unarmed Combat
  1451 | D:3      | Reached XP level 5. HP: 37/37 MP: 0/0
  1451 | D:3      | Learned a level 2 spell: Scorch
  1517 | D:3      | Reached skill level 6 in Unarmed Combat
  2158 | D:3      | Found a hide-covered altar of Uskayaw.
  2236 | D:3      | Reached XP level 6. HP: 41/42 MP: 0/0
  2606 | D:4      | Found a runed translucent door.
  2606 | D:4      | Noticed Natasha
  2612 | D:4      | Killed Natasha
  2650 | D:4      | Noticed thalassios's ghost (amateur DrSh)
  2650 | D:4      | HP: 1/63 [hobgoblin (3)]
  2651 | D:4      | Slain by a gnoll

Illustrated notes

Levels and vault maps discovered:
D:1:      minmay_arrival_plants_in_alcoves, layout_basic, chequers_garden
D:2:      cheibrodos_helix_gallery, layout_rooms
D:3:      cheibrodos_old_hovel, layout_basic, marbit_many_paths,
          chequers_serial_rivers_small_b
D:4:      layout_gridville, nicolae_vehumet_altar_sigil, ebering_ghost_sewer_d,
          uniq_natasha

Skill      XL: |  1  2  3  4  5 |
---------------+----------------+-----
Unarmed Combat | 4 5 6 |  6.2
Fighting       | |  1.4
Armour         | |  0.8
Dodging        | |  2.5
Shapeshifting  | |  2.6

Action                     |  1- 3 |  4- 6 || total
---------------------------+-------+-------++-------
  Melee: Unarmed           |    83 |   166 ||   249
         Punch             |     1 |     7 ||     8
    Use: Potion            |       |     6 ||     6
         Scroll            |       |     3 ||     3
 Armour: Animal skin       |     3 |       ||     3
         Scale mail        |    53 |    95 ||   148
         Skin              |       |   106 ||   106
  Dodge: Dodged            |    36 |    74 ||   110
   Form: Beast             |       |     1 ||     1

Table legend: (Time is in decaauts)
 A = Elapsed time spent in this place.
 B = Non-inter-level travel time spent in this place.
 C = Inter-level travel time spent in this place.
 D = Time resting spent in this place.
 E = Time spent auto-exploring this place.
 F = Levels seen in this place.
 G = Mean time per level.
                   A        B        C        D        E       F      G
               +--------+--------+--------+--------+--------+-----+--------+
         Total |   2629 |   2573 |     56 |    240 |   1845 |   4 |  657.2 |
       Dungeon |   2629 |   2573 |     56 |    240 |   1845 |   4 |  657.2 |
               +--------+--------+--------+--------+--------+-----+--------+

Top non-repeatable levels by time:
     D:3: 1043 daAuts
     D:1: 982 daAuts
     D:2: 431 daAuts
     D:4: 171 daAuts
